 Dungeon Crawl Stone Soup version 0.29-a0-923-g6e406bff71 (webtiles) character file.

Game seed: 9150198263990788159

159 xian the Shooter (level 5, 0/30 HPs)
             Began as a Deep Elf Hunter on July 28, 2022.
             Slain by a ball python (2 damage)
             ... in a sewer.
             The game lasted 00:04:38 (2005 turns).

xian the Shooter (Deep Elf Hunter)                  Turns: 2005, Time: 00:04:38

Health: 0/30       AC:  9    Str:  8    XL:     5   Next: 17%
Magic:  7/7        EV: 10    Int: 14    God:
Gold:   41         SH:  0    Dex: 20    Spells: 4/4 levels left

rFire   . . .      SeeInvis +   h - +2 dagger (protect)
rCold   . . .      Faith    .   (no shield)
rNeg    . . .      Spirit   .   c - +0 leather armour
rPois   .          Reflect  .   (helmet restricted)
rElec   .          Harm     .   (no cloak)
rCorr   .          Rampage  .   j - +0 pair of gloves
Will    +....                   (no boots)
Stlth   ++........              (no amulet)
HPRegen 0.10/turn               i - ring of willpower
MPRegen 0.10/turn               (no ring)

@: under a protective aura, constricted
A: beak, see invisible, deformed body
a: no special abilities


You were in a sewer.
You visited 1 branch of the dungeon, and saw 3 of its levels.
You also visited: Sewer.

You collected 77 gold pieces.
You spent 36 gold pieces at shops.

Inventory:

Hand Weapons
 a - a +0 shortbow
 h - a +2 dagger of protection (weapon)
Armour
 c - a +0 leather armour (worn)
 j - a +0 pair of gloves (worn)
Jewellery
 i - a ring of willpower (left hand)
Scrolls
 b - 4 scrolls of immolation
 f - a scroll of identify
Potions
 d - a potion of mutation
 m - a potion of flight


   Skills:
 + Level 2.1 Fighting
 + Level 0.2 Short Blades
 + Level 7.5 Ranged Weapons
 + Level 1.1 Armour
 + Level 3.0 Dodging
 + Level 1.3 Stealth


You had 4 spell levels left.
You didn't know any spells.
Your spell library contained the following spells:

 Spells                   Type           Power      Damage    Failure   Level
 Beastly Appendage        Tmut           0%         N/A       38%         1
 Shock                    Conj/Air       0%         1d3       38%         1
 Wereblood                Tmut           0%         N/A       52%         2
 Spider Form              Tmut/Pois      0%         N/A       77%         3
 Swiftness                Air            0%         N/A       77%         3
 Airstrike                Air            0%         0-1+      99%         4


Dungeon Overview and Level Annotations

Branches:
Dungeon (3/15)              Sewer (1/1)

Altars:

Shops:
D:1 !

Annotations:
D:3 Ijyb, Sigmund


Innate Abilities, Weirdness & Mutations

You have a beak for a mouth.
You have supernaturally acute eyesight. (SInv)
Armour fits poorly on your strangely shaped body.


Message History

* * * LOW HITPOINT WARNING * * *
The ball python bites you but does no damage.
The ball python constricts you. The adder bites you but does no damage.
You hit the adder.
Your weapon exudes an aura of protection.
The adder is lightly wounded.
The ball python bites you but does no damage.
The ball python constricts you. The kobold hits you but does no damage.
The adder bites you but does no damage.
The ball python bites you but does no damage.
The ball python constricts you.
* * * LOW HITPOINT WARNING * * *
Unknown command.
You hit the adder.
The adder is severely wounded.
The kobold completely misses you. The adder bites you but does no damage.
The ball python bites you but does no damage.
The ball python constricts you.
* * * LOW HITPOINT WARNING * * *
You barely miss the adder.
The adder is severely wounded.
The kobold hits you but does no damage. The adder bites you but does no damage.
The ball python bites you but does no damage.
The ball python constricts you.
You hit the adder.
The adder is almost dead.
You feel less wooden.
Your +0 pair of gloves unmelds from your body.
Your +0 leather armour unmelds from your body.
The adder bites you but does no damage. The kobold hits you but does no damage.
The ball python barely misses you. The ball python constricts you.
The adder bites you but does no damage.
Okay, then.
As you read the scroll labelled KORGHA KUREN, it crumbles to dust.
It is a scroll of identify.
m - a potion of flight The kobold hits you with a +0 club.
* * * LOW HITPOINT WARNING * * *
The ball python bites you.
You die...

.≈#≈#≈..≈#
≈≈...≈..#
#†..≈..#
#≈.≈..##
#......#
##########..P#
#≈≈≈≈≈≈≈≈≈...#
##########KS.#
###P....)@S.#
#..PP.∩∩....#
PP#≈#....≈≈##
#.≈≈≈≈≈#
#≈≈≈≈≈≈#
#≈≈≈≈≈##
#≈≈≈### #####


You could see an adder, a ball python and a kobold.

Vanquished Creatures
  A kobold brigand (Sewer)
  4 adders (D:3)
  2 dart slugs (D:1)
  An orc (D:3)
  7 ball pythons
  5 endoplasms
  3 giant cockroaches
  4 goblins
  3 hobgoblins
  5 jackals
  A quokka (D:1)
  4 bats
  4 frilled lizards
  2 kobolds (D:1)
  A rat (D:1)
47 creatures vanquished.

Vanquished Creatures (others)
  7 plants
7 creatures vanquished.

Grand Total: 54 creatures vanquished

Notes
Turn   | Place    | Note
-------+----------+-------------------------------------------
     0 | D:1      | xian the Deep Elf Hunter began the quest for the Orb.
     0 | D:1      | Reached XP level 1. HP: 12/12 MP: 3/3
   221 | D:1      | Reached XP level 2. HP: 16/16 MP: 4/4
   534 | D:1      | Found a faded altar of an unknown god.
   580 | D:1      | Reached skill level 6 in Ranged Weapons
   632 | D:1      | Found Qaaschui's Distillery.
   643 | D:1      | Bought a potion of curing for 36 gold pieces
   919 | D:2      | Reached XP level 3. HP: 8/21 MP: 5/5
  1266 | D:2      | You fall into a shaft and drop 1 floor!
  1512 | D:3      | Reached skill level 7 in Ranged Weapons
  1512 | D:3      | Reached XP level 4. HP: 26/26 MP: 6/6
  1595 | D:3      | Noticed Sigmund
  1596 | D:3      | Noticed Ijyb
  1628 | D:3      | Found a glowing drain.
  1641 | Sewer    | Entered a sewer
  1961 | Sewer    | Noticed a kobold brigand
  1975 | Sewer    | Gained mutation: Armour fits poorly on your strangely
                  | shaped body. [potion of mutation]
  1975 | Sewer    | Gained mutation: You have supernaturally acute eyesight.
                  | (SInv) [potion of mutation]
  1975 | Sewer    | Gained mutation: You have a beak for a mouth. [potion of
                  | mutation]
  1996 | Sewer    | Killed a kobold brigand
  1997 | Sewer    | Reached skill level 1 in Armour
  1997 | Sewer    | Reached XP level 5. HP: 10/30 MP: 7/7
  2005 | Sewer    | Slain by a ball python

Illustrated notes

Levels and vault maps discovered:
D:1:      matt_arrival_diagonals, layout_basic, serial_shops,
          nicolae_square_shop, hellmonk_ecumenical_altar_zigzags,
          chequers_serial_rivers_micro_e
D:2:      layout_rooms, serial_forest, infiniplex_forest_end_2,
          infiniplex_forest_straight_3, infiniplex_forest_straight_2,
          infiniplex_forest_lined_2, infiniplex_forest_end_1
D:3:      layout_rooms, cheibrodos_sewer_entry_sluice, minmay_snake_closets,
          uniq_sigmund, uniq_ijyb, uniq_robin
Sewer:    sewer_co_scattered_pipes

Skill      XL: |  1  2  3  4 |
---------------+-------------+-----
Ranged Weapons | 6 7 |  7.5
Fighting       | 2 |  2.1
Armour         | 1 |  1.1
Dodging        | 3 |  3.0
Short Blades   | |  0.2
Stealth        | |  1.3

Action                   |  1- 3 |  4- 6 || total
-------------------------+-------+-------++-------
Melee: Dagger            |       |    27 ||    27
 Fire: Shortbow          |   101 |    24 ||   125
  Use: Potion            |       |     4 ||     4
       Scroll            |       |     3 ||     3
Armor: Leather armour    |    15 |     5 ||    20
       Skin              |       |    72 ||    72
Dodge: Dodged            |    35 |    14 ||    49

Table legend: (Time is in decaauts)
 A = Elapsed time spent in this place.
 B = Non-inter-level travel time spent in this place.
 C = Inter-level travel time spent in this place.
 D = Time resting spent in this place.
 E = Time spent auto-exploring this place.
 F = Levels seen in this place.
 G = Mean time per level.
                   A        B        C        D        E       F      G
               +--------+--------+--------+--------+--------+-----+--------+
         Total |   2037 |   2013 |     24 |    259 |   1391 |   4 |  509.2 |
       Dungeon |   1668 |   1644 |     24 |      0 |   1335 |   3 |  556.0 |
         Sewer |    369 |    369 |      0 |    259 |     56 |   1 |  369.0 |
               +--------+--------+--------+--------+--------+-----+--------+

Top non-repeatable levels by time:
     D:1: 923 daAuts
     D:3: 383 daAuts
   Sewer: 369 daAuts
     D:2: 361 daAuts
